 Dungeon Crawl Stone Soup version 0.22-a0-113-gdd6f4a9 (webtiles) character file.

2489 SnubMonkey the Archer (level 9, -7/75 HPs)
             Began as a Centaur Hunter on Jan 28, 2018.
             Was a Believer of Okawaru.
             Mangled by a hornet (13 damage)
             ... while paralysed by a hornet
             ... on level 6 of the Dungeon.
             The game lasted 00:22:45 (8194 turns).

SnubMonkey the Archer (Centaur Hunter)              Turns: 8194, Time: 00:22:45

Health: -7/75      AC: 11    Str: 17    XL:     9   Next: 27%
Magic:  11/12      EV:  1    Int: 10    God:    Okawaru [**....]
Gold:   363        SH:  0    Dex: 11    Spells: 8/8 levels left

rFire    . . .     SeeInvis .   b - +0 quarterstaff
rCold    + . .     Gourm    .   (shield currently unavailable)
rNeg     . . .     Faith    .   q - +0 scale mail
rPois    .         Spirit   .   w - +2 helmet
rElec    .         Reflect  .   J - +0 cloak
rCorr    .         Harm     .   (no gloves)
MR       .....                  (no barding)
Stlth    +.........             (no amulet)
HPRegen  0.22/turn              (no ring)
MPRegen  0.13/turn              G - ring of protection from cold

@: paralysed, lethally poisoned (-7 -> -15), heroism, slowed, drained, very
quick
A: large, hooves 3, deformed body, speed 2, tough skin 3
a: Heroism, Renounce Religion


You were on level 6 of the Dungeon.
You worshipped Okawaru.
Okawaru was pleased with you.
You were not hungry.

You visited 1 branch of the dungeon, and saw 7 of its levels.
You also visited: Sewer.

You collected 363 gold pieces.

Inventory:

Hand Weapons
 a - a +1 shortbow
 b - a +0 quarterstaff (weapon)
 o - a +0 hunting sling
 x - a +3 short sword
 I - a +3 quarterstaff of chaos
Missiles
 e - 5 poisoned needles
 g - 3 needles of sleeping
 r - 4 arrows
 F - 5 curare-tipped needles
Armour
 q - a +0 scale mail (worn)
 w - a +2 helmet (worn)
 J - a +0 cloak (worn)
Jewellery
 z - an uncursed ring of fire
 G - a ring of protection from cold (right hand)
Wands
 c - a wand of acid (12)
Scrolls
 i - a scroll of random uselessness {unknown}
 j - a scroll of enchant armour
 n - a scroll of amnesia {unknown}
 p - 7 scrolls of teleportation
 s - a scroll of blinking {unknown}
 u - a scroll of magic mapping
 y - 2 scrolls of fog
 A - a scroll of immolation
 H - a scroll of enchant weapon {unknown}
Potions
 l - 2 potions of lignification
 m - 2 potions of ambrosia
 v - a potion of flight {unknown}
 B - 3 potions of haste
 C - a potion of brilliance {unknown}
 D - a potion of agility {unknown}
Comestibles
 d - 5 chunks of flesh
 f - 5 rations


   Skills:
 + Level 6.2(10.9) Fighting
 + Level 4.5(9.2) Staves
 * Level 11.9(16.6) Bows
 - Level 1.3(6.1) Dodging
 - Level 0.4(5.1) Stealth
 + Level 5.2(5.0) Invocations


You had 8 spell levels left.
You didn't know any spells.

Dungeon Overview and Level Annotations

Branches:
Dungeon (7/15)
 Temple: D:4-7

Altars:
Ashenzari
Cheibriados
Elyvilon
Fedhas
Makhleb
Okawaru
Ru
Sif Muna
Trog
Zin
The Shining One

Shops:
D:4 :

Annotations:
D:5 exclusion: oklob plant
D:6 2 transporters


Innate Abilities, Weirdness & Mutations

You have hooves in place of feet.
Armour fits poorly on your strangely shaped body.
You cover ground very quickly.
You have extremely tough skin. (AC +3)


Message History

The hornet barely misses you.
Your scale mail prevents you from hitting the hornet.
You kick the hornet.
The hornet is moderately wounded.
You feel sick. The hornet stings you.
* * * LOW HITPOINT WARNING * * *
You are more poisoned.
You feel as though you will be slow longer.
The hornet barely misses you.
You hit the hornet but do no damage.
The hornet is moderately wounded.
You feel sick. The hornet stings you.
* * * LOW HITPOINT WARNING * * *
You suddenly lose the ability to move!
The hornet stings you but does no damage.
* * * LOW HITPOINT WARNING * * *
You feel sick. The hornet completely misses you.
* * * LOW HITPOINT WARNING * * *
You feel sick. The hornet stings you!
You die...

######### #.......#
##############
#######.#####...@y......[#
#....).........#########.#
#.................# #.#
###...............# #.# #
#####...####....# #.# #
#.........(..# #.###
#######...####.#..#
##...## .........## #.#((#
##.....## .#######.#
#.#.(####.......#


You could see a hornet.

Vanquished Creatures
  2 yaks (D:6)
  Purgy (Sewer)
  3 orc warriors
  A black bear (D:4)
  3 phantoms
  2 sky beasts
  An ice beast (D:6)
  2 ogres
  A scorpion (D:6)
  4 howler monkeys
  A centaur zombie (D:6)
  A bullfrog zombie (D:7)
  3 crimson imps
  2 orc priests
  3 centaur skeletons
  2 hounds
  An orc wizard (D:4)
  Crazy Yiuf (D:4)
  A bullfrog skeleton (D:5)
  2 iguanas
  2 worker ants (D:5)
  A hound skeleton (D:6)
  11 adders
  A gnoll (D:4)
  A river rat (D:6)
  A shadow imp (D:5)
  2 oozes
  An adder skeleton (D:4)
  An adder zombie (D:6)
  4 worms
  A dart slug (D:1)
  5 leopard geckos
  14 orcs
  5 ball pythons
  7 giant cockroaches
  7 goblins
  6 hobgoblins
  3 jackals (D:4)
  2 quokkas
  A ball python skeleton (D:6)
  5 bats
  11 frilled lizards
  A jackal skeleton (D:4)
  5 kobolds
  A leopard gecko skeleton (D:5)
  A quokka skeleton (D:4)
  A quokka zombie (D:7)
  9 rats
147 creatures vanquished.

Vanquished Creatures (others)
  An orc wizard (D:6)
1 creature vanquished.

Grand Total: 148 creatures vanquished

Notes
Turn   | Place    | Note
-------+----------+-------------------------------------------
     0 | D:1      | SnubMonkey the Centaur Hunter began the quest for the Orb.
     0 | D:1      | Reached XP level 1. HP: 17/17 MP: 1/1
   192 | D:1      | Reached XP level 2. HP: 24/24 MP: 2/2
   263 | D:1      | Reached skill level 6 in Bows
   979 | D:2      | Reached XP level 3. HP: 18/30 MP: 3/3
  1240 | D:2      | Found a glowing golden altar of the Shining One.
  1257 | D:2      | Found a sacrificial altar of Ru.
  1726 | D:2      | Reached XP level 4. HP: 33/37 MP: 4/4
  1878 | D:3      | Reached skill level 7 in Bows
  2178 | D:3      | Reached XP level 5. HP: 37/45 MP: 5/5
  2313 | D:3      | Found an iron altar of Okawaru.
  2337 | D:3      | Became a worshipper of Warmaster Okawaru
  2722 | D:3      | Found a burning altar of Makhleb.
  2722 | D:3      | Noticed an Executioner
  2880 | D:3      | Found a glowing silver altar of Zin.
  2946 | D:4      | Found a runed door.
  3056 | D:4      | Reached skill level 8 in Bows
  3216 | D:4      | Found Vonolon's Book Shop.
  3374 | D:4      | Reached skill level 1 in Staves
  3499 | D:4      | Reached XP level 6. HP: 51/52 MP: 6/6
  3718 | D:4      | Reached skill level 1 in Invocations
  3758 | D:4      | Noticed an orc warrior
  3770 | D:4      | Reached * piety under Okawaru
  3831 | D:4      | Killed an orc warrior
  3831 | D:4      | Reached skill level 9 in Bows
  3831 | D:4      | Reached XP level 7. HP: 56/59 MP: 8/8
  4332 | D:4      | Noticed Crazy Yiuf
  4346 | D:4      | Killed Crazy Yiuf
  4519 | D:5      | Entered Level 5 of the Dungeon
  5107 | D:5      | Reached ** piety under Okawaru
  5107 | D:5      | Reached skill level 10 in Bows
  5107 | D:5      | Reached XP level 8. HP: 60/67 MP: 10/10
  5282 | D:5      | Found a blossoming altar of Fedhas.
  5305 | D:5      | Noticed an oklob plant
  5499 | D:5      | Reached skill level 5 in Fighting
  5562 | D:5      | Found a snail-covered altar of Cheibriados.
  6024 | D:6      | Found a glowing drain.
  6028 | Sewer    | Entered a sewer
  6124 | Sewer    | Noticed Purgy
  6155 | Sewer    | Killed Purgy
  6549 | D:6      | Found a white marble altar of Elyvilon.
  6608 | D:6      | Found a bloodstained altar of Trog.
  6624 | D:6      | Found a transporter.
  6624 | D:6      | Found a transporter.
  6728 | D:6      | Reached skill level 11 in Bows
  7158 | D:6      | Found a deep blue altar of Sif Muna.
  7226 | D:6      | Reached XP level 9. HP: 54/75 MP: 12/12
  7985 | D:7      | Found a shattered altar of Ashenzari.
  8002 | D:7      | Reached skill level 5 in Invocations
  8187 | D:6      | Paralysed by a hornet for 3 turns
  8192 | D:6      | Paralysed by a hornet for 3 turns
  8194 | D:6      | Mangled by a hornet

Vault maps used:
D:1:      scummos_arrival_checkerplants, hangedman_abyss_or_decor_lesser_grid
D:2:      lemuel_crystal_altar, lemuel_doored_altar, first_ration
D:3:      makhleb_altar_promises_db, old_standard_altar, zin_treasury
D:4:      kennysheep_six_static_rooms, serial_shops, shop,
          guppyfry_early_orc_mine, uniq_crazy_yiuf_cottage
D:5:      cheibrodos_worm_habitat, tgw_fedhas
D:6:      gammafunk_steamed_eel, bloody_trog, kennysheep_mini_moat,
          lemuel_round_altar, gup_sewer_entry_spiral, solitary_fountain,
          kennysheep_potato
D:7:      marbit_many_paths, ashenzari_altar_1, kennysheep_little_box,
          temple_green, serial_undead, serial_undead_e, serial_undead_e,
          serial_undead_f, serial_undead_b, serial_undead_f, serial_undead_c,
          serial_undead_b, serial_undead_b, serial_undead_b, serial_undead_a,
          grunt_livestock, minivault_22, kennysheep_doodads
Sewer:    sewer_co_purgy_island

Skill      XL: |  1  2  3  4  5  6  7  8  9 |
---------------+----------------------------+-----
Bows           | 6 7 8 9 10 11 | 11.9
Fighting       | 3 4 5 6 |  6.2
Staves         | 1 2 4 |  4.5
Invocations    | 1 3 4 5 |  5.2
Dodging        | |  1.3
Stealth        | |  0.4

Action                   |  1- 3 |  4- 6 |  7- 9 || total
-------------------------+-------+-------+-------++-------
Melee: Short sword       |   131 |   122 |     7 ||   260
       Kick              |    22 |    23 |    52 ||    97
       Quarterstaff      |       |       |   173 ||   173
 Fire: Shortbow          |       |    31 |   224 ||   255
Invok: Heroism           |       |       |     4 ||     4
  Use: Scroll            |       |     3 |     7 ||    10
       Potion            |       |       |     4 ||     4
  Eat: Chunk             |     2 |     5 |     8 ||    15
       Ration            |       |       |     1 ||     1
Armor: Leather armour    |    47 |       |       ||    47
       Ring mail         |       |    52 |     7 ||    59
       Scale mail        |       |       |   117 ||   117
       Skin              |       |       |     3 ||     3
Dodge: Dodged            |    70 |    55 |    81 ||   206

Table legend:
 A = Spawn XP
 B = Non-spawn XP
 C = Spawn XP percentage of total XP
 D = Spawn monster count
 E = Non-spawn monster count
 F = Spawn count percentage of total count
 G = Total turns spent on level
                    A         B        C        D         E        F      G
               +---------+---------+-------+---------+---------+-------+---------
         Total |       0 |    3557 |   0.0 |       0 |     148 |   0.0 |  8194
               +---------+---------+-------+---------+---------+-------+---------
           D:1 |       0 |      36 |   0.0 |       0 |      22 |   0.0 |   966
           D:2 |       0 |      70 |   0.0 |       0 |      17 |   0.0 |   902
           D:3 |       0 |     153 |   0.0 |       0 |      22 |   0.0 |  1038
           D:4 |       0 |     775 |   0.0 |       0 |      25 |   0.0 |  1613
           D:5 |       0 |     561 |   0.0 |       0 |      14 |   0.0 |  1800
           D:6 |       0 |    1337 |   0.0 |       0 |      31 |   0.0 |  1396
           D:7 |       0 |     473 |   0.0 |       0 |       8 |   0.0 |   199
         Sewer |       0 |     152 |   0.0 |       0 |       9 |   0.0 |   280
               +---------+---------+-------+---------+---------+-------+---------
